 Dungeon Crawl Stone Soup version 0.29.0-4-gdea44cf6ec (webtiles) character file.

Game seed: 18216302766744376914

259 qw the Chopper (level 6, -6/36 (48) HPs)
             Began as a Barachi Chaos Knight on Sept 4, 2022.
             Was an Initiate of Okawaru.
             Mangled by Edmund
             ... wielding a +4 flail of draining
              (11 damage)
             ... on level 4 of the Dungeon.
             The game lasted 00:01:33 (3568 turns).

qw the Chopper (Barachi Chaos Knight)               Turns: 3568, Time: 00:01:33

HP:   -6/36 (48)    AC: 14    Str: 14    XL:     6   Next: 17%
MP:   6/6           EV:  4    Int: 10    God:    Okawaru [......]
Gold: 143           SH:  0    Dex: 11    Spells: 5/5 levels left

rFire   . . .      SeeInvis .   Y - +0 hand axe (chaos)
rCold   . . .      Faith    .   (no shield)
rNeg    . . .      Spirit   .   f - +0 plate armour
rPois   .          Reflect  .   a - +0 helmet
rElec   .          Harm     .   e - +0 cloak
rCorr   .          Rampage  .   (no gloves)
Will    .....                   (no boots)
Stlth   ..........              (no amulet)
HPRegen 0.12/turn               (no ring)
MPRegen 0.10/turn               (no ring)

@: about to teleport, very heavily drained, unable to drink, slow
A: amphibious, slowness 1, strong legs 1, +LOS, dopey 1, screaming 1, weak 1,
inability to drink after injury 1
a: Hop, Renounce Religion


You were on level 4 of the Dungeon.
You worshipped Okawaru.
Okawaru was noncommittal.
You visited 2 branches of the dungeon, and saw 5 of its levels.

You collected 167 gold pieces.
You spent 24 gold pieces at shops.


Innate Abilities, Weirdness & Mutations

You are amphibious.
You cover ground slowly.
You can hop short distances.
You have an extended range of vision and can be seen from far away.
You are dopey. (Int -2)
You occasionally shout uncontrollably at your foes.
You are weak. (Str -2)
You occasionally lose the ability to drink potions when taking damage.


   Skills:
 - Level 4.1 Fighting
 - Level 6.5 Axes
 + Level 3.9 Armour
 - Level 1.1 Dodging


You had 5 spell levels left.
You didn't know any spells.
Your spell library was empty.

Inventory:

Hand Weapons
 i - a +2 vorpal flail
 Y - a +0 hand axe of chaos (weapon)
Armour
 a - a +0 helmet (worn)
 e - a +0 cloak (worn)
 f - a +0 plate armour (worn)
Scrolls
 j - 2 scrolls of identify
 l - a scroll of teleportation
Potions
 d - a potion of heal wounds
 g - a potion of might
Miscellaneous
 c - a piece from Xom's chessboard (15/15)

Dungeon Overview and Level Annotations

Branches:
Dungeon (4/15)             Temple (1/1) D:4

Altars:
Cheibriados
Dithmenos
Fedhas
Hepliaklqana
Kikubaaqudgha
Okawaru
Qazlal
Sif Muna
Vehumet
Xom
Zin
The Shining One

Shops:
D:1 *   D:3 (

Portals:
Abyss: D:4

Annotations:
D:4 2 transporters, Edmund; qw's ghost, novice FoCA


Message History

Edmund is lightly wounded.
Edmund hits you with a +4 flail of draining.
You feel drained.
You hit Edmund. You burn Edmund.
Edmund is lightly wounded.
Edmund hits you but does no damage.
You feel drained.
You hit Edmund. You burn Edmund.
Edmund is lightly wounded.
Edmund hits you but does no damage.
You feel drained.
You hit Edmund.
Edmund is poisoned.
Edmund is moderately wounded.
Edmund hits you but does no damage.
You feel drained.
You closely miss Edmund. You punch Edmund, but do no damage.
Edmund is moderately wounded.
Edmund hits you but does no damage.
You feel drained.
You hit Edmund but do no damage.
Edmund is moderately wounded.
Edmund hits you with a +4 flail of draining.
You feel drained.
You hit Edmund. You burn Edmund.
Edmund is moderately wounded.
Edmund hits you with a +4 flail of draining.
You feel drained.
You hit Edmund but do no damage. Lightning courses through Edmund!!
Edmund is almost dead.
Edmund hits you with a +4 flail of draining.
You feel drained.
You hit Edmund but do no damage.
Edmund seems to grow stronger.
Edmund is almost dead.
Edmund barely misses you.
You hit Edmund.
Edmund is almost dead.
Edmund hits you with a +4 flail of draining!
You feel drained.
3568 ||| READING 2 scrolls of teleportation.
As you read the scroll of teleportation, it crumbles to dust.
You feel strangely unstable.
Edmund hits you with a +4 flail of draining!
You feel threatened and lose the ability to drink potions!
You die...

#... #777# #.. ... #...
7...7 +... ... #... 7.>.7
#.. ####
#...###7...7###..##...
#.....##7.7##.#.......
......##'##..#.......
....#.!....#.......
...#####'###.....#.......
.......@@..#....####...##
...........#....#....).#$
...........'....#......##
...........##+###.......#
.........................
###......................
#########.............#
+......'............##
#......#...........##


You could see Edmund (strong, poisoned).

Vanquished Creatures
  A necrophage (D:4)
  2 orc priests (D:3)
  2 orc wizards (D:3)
  2 adders
  3 worms
  11 orcs (D:3)
  6 ball pythons
  3 endoplasms
  2 giant cockroaches (D:2)
  3 hobgoblins
  4 jackals (D:2)
  4 kobolds
  3 bats (D:2)
  A frilled lizard (D:3)
  3 goblins
  7 rats
57 creatures vanquished.

Vanquished Creatures (others)
  3 plants (D:1)
3 creatures vanquished.

Grand Total: 60 creatures vanquished

Notes
Turn   | Place    | Note
-------+----------+-------------------------------------------
     0 | D:1      | qw the Barachi Chaos Knight began the quest for the Orb.
     0 | D:1      | Reached XP level 1. HP: 18/18 MP: 1/1
     0 | D:1      | 0 ||| qw: Version: 0.1-a-103-gd6f5d3a
     0 | D:1      | 0 ||| qw: Game counter: 5707
     0 | D:1      | 0 ||| qw: Always use a shield: true
     0 | D:1      | 0 ||| qw: God list: Okawaru
     0 | D:1      | 0 ||| qw: Allow faded altars: false
     0 | D:1      | 0 ||| qw: Do Orc after D:15 true
     0 | D:1      | 0 ||| qw: Do second Lair branch before Depths: true
     0 | D:1      | 0 ||| qw: Lair rune preference: random
     0 | D:1      | 0 ||| qw: Plans: Normal
     0 | D:1      | 0 ||| PLANNING D:1-11
     0 | D:1      | Fell from the grace of Xom
    65 | D:1      | 65 ||| Stepping ~*~*~tactically~*~*~ (stealth).
   197 | D:1      | Found Vuuhiol's General Store.
   208 | D:1      | 208 ||| SHOPLISTING potion of heal wounds (60 gold, have
                  | 29).
   208 | D:1      | 208 ||| BUYING scroll of identify (24 gold).
   208 | D:1      | Bought a scroll of identify for 24 gold pieces
   227 | D:1      | Reached XP level 2. HP: 24/24 MP: 2/2
   324 | D:1      | Found a faded altar of an unknown god.
   390 | D:1      | Reached skill level 4 in Axes
   612 | D:1      | 612 ||| UPGRADING to +0 cloak.
   617 | D:1      | 617 ||| READING scroll labelled LONUYCKI ZEUPYGG.
   618 | D:1      | 618 ||| READING scroll labelled LUULITHASKE.
   619 | D:1      | 619 ||| READING scroll labelled LED FOFEAN.
   754 | D:1      | 754 ||| DRINKING 2 cyan potions.
   755 | D:1      | 755 ||| DRINKING 2 red potions.
   756 | D:1      | 756 ||| DROPPING potion of brilliance.
   786 | D:2      | 786 ||| STAIRDANCE
  1039 | D:2      | XOM: stat loss: -1 Int (11/12)
  1340 | D:2      | Reached XP level 3. HP: 29/29 MP: 3/3
  1379 | D:2      | 1379 ||| Stepping ~*~*~tactically~*~*~ (stealth).
  1380 | D:2      | 1380 ||| Stepping ~*~*~tactically~*~*~ (stealth).
  1470 | D:2      | 1470 ||| Stepping ~*~*~tactically~*~*~ (stealth).
  1471 | D:2      | 1471 ||| Stepping ~*~*~tactically~*~*~ (stealth).
  1894 | D:2      | 1894 ||| UPGRADING to +0 helmet.
  1899 | D:2      | 1899 ||| READING scroll labelled UDAICSU EQYA.
  1900 | D:2      | 1900 ||| READING scroll labelled PASOFIEHYU.
  1901 | D:2      | 1901 ||| READING 3 scrolls labelled WUOSIA INWASAD.
  1905 | D:2      | 1905 ||| READING scroll labelled TYONIB EPLA.
  1906 | D:2      | 1906 ||| DRINKING 2 purple potions.
  1907 | D:2      | 1907 ||| DRINKING 2 white potions.
  1908 | D:2      | 1908 ||| READING 2 scrolls of identify.
  1908 | D:2      | 1908 ||| IDENTIFYING fizzy black potion
  1909 | D:2      | 1909 ||| DROPPING potion of attraction.
  2003 | D:3      | Reached skill level 5 in Axes
  2051 | D:3      | XOM: stat loss: -2 Str (13/15)
  2093 | D:3      | 2093 ||| DROPPING +0 whip.
  2105 | D:3      | Found Fizuppag's Weapon Shop.
  2362 | D:3      | 2362 ||| Stepping ~*~*~tactically~*~*~ (stealth).
  2363 | D:3      | 2363 ||| Stepping ~*~*~tactically~*~*~ (stealth).
  2415 | D:3      | Reached XP level 4. HP: 28/36 MP: 4/4
  2523 | D:3      | 2523 ||| Stepping ~*~*~tactically~*~*~ (stealth).
  2525 | D:3      | 2525 ||| Stepping ~*~*~tactically~*~*~ (hiding).
  2588 | D:3      | 2588 ||| FLEEEEING.
  2589 | D:3      | 2589 ||| FLEEEEING.
  2624 | D:3      | 2624 ||| DROPPING +0 flail.
  2673 | D:3      | 2673 ||| Stepping ~*~*~tactically~*~*~ (stealth).
  2675 | D:3      | 2675 ||| Stepping ~*~*~tactically~*~*~ (hiding).
  2677 | D:3      | 2677 ||| Stepping ~*~*~tactically~*~*~ (hiding).
  2678 | D:3      | 2678 ||| Stepping ~*~*~tactically~*~*~ (hiding).
  2687 | D:3      | Reached skill level 6 in Axes
  2687 | D:3      | Reached XP level 5. HP: 40/41 MP: 5/5
  2706 | D:3      | 2706 ||| DRINKING potion of curing.
  2706 | D:3      | 2706 ||| (to cure confusion)
  2714 | D:3      | HP: 9/42 [something/puff of flame (7)]
  2717 | D:3      | 2717 ||| READING 2 scrolls of teleportation.
  2718 | D:3      | 2718 ||| DRINKING potion of heal wounds.
  2721 | D:3      | 2721 ||| FLEEEEING.
  2984 | D:3      | XOM: give mutations
  2984 | D:3      | Gained mutation: You occasionally lose the ability to drink
                  | potions when taking damage. [Xom's mischief]
  2984 | D:3      | Gained mutation: You are dopey. (Int -2) [Xom's mischief]
  2984 | D:3      | Gained mutation: You occasionally shout uncontrollably at
                  | your foes. [Xom's mischief]
  2984 | D:3      | Gained mutation: You are weak. (Str -2) [Xom's mischief]
  2993 | D:3      | 2993 ||| Stepping ~*~*~tactically~*~*~ (stealth).
  3013 | D:3      | XOM: draining
  3146 | D:3      | 3146 ||| UPGRADING to +0 plate armour.
  3156 | D:3      | 3156 ||| DROPPING +2 leather armour.
  3157 | D:3      | 3157 ||| DROPPING +0 chain mail.
  3212 | D:4      | Reached skill level 3 in Armour
  3212 | D:4      | Reached XP level 6. HP: 41/46 MP: 6/6
  3386 | D:4      | Found a transporter.
  3391 | D:4      | Noticed qw's ghost (novice FoCA)
  3393 | D:4      | Found a transporter.
  3399 | D:4      | Found a one-way gate to the infinite horrors of the Abyss.
  3487 | D:4      | Found a staircase to the Ecumenical Temple.
  3488 | D:4      | 3488 ||| PLANNING TEMPLE
  3488 | D:4      | 3488 ||| READING 3 scrolls of identify.
  3488 | D:4      | 3488 ||| IDENTIFYING grey potion
  3489 | D:4      | 3489 ||| DROPPING potion of magic.
  3495 | Temple   | Entered the Ecumenical Temple
  3514 | Temple   | Became a worshipper of Warmaster Okawaru
  3516 | Temple   | 3516 ||| PLANNING D:1-11
  3548 | D:4      | Noticed Edmund
  3567 | D:4      | HP: 9/37 [Edmund/+4 flail of draining (10)]
  3568 | D:4      | 3568 ||| READING 2 scrolls of teleportation.
  3568 | D:4      | Mangled by Edmund

Levels and vault maps discovered:
D:1:      dpeg_arrival_fog, layout_loops_ring, serial_shops, nicolae_shop_stone,
          serial_bayou, serial_bayou_lagoon_a, serial_bayou_pond_c,
          serial_bayou_shore_a, serial_bayou_pond_e, serial_bayou_pond_c,
          hellmonk_ecumenical_altar_prayer_group
D:2:      layout_basic
D:3:      layout_basic, serial_shops, shop
D:4:      layout_gridville, nicolae_wu_jian_wuxing_cycle,
          minmay_temple_entry_enclosed_plants, gammafunk_ghost_abyssal_escape,
          nicolae_titane, uniq_edmund
Temple:   hc_temple_tempest_star

Skill      XL: |  1  2  3  4  5 |
---------------+----------------+-----
Axes           | 4 5 6 |  6.5
Fighting       | 4 |  4.1
Armour         | 3 |  3.9
Dodging        | |  1.1

Action                   |  1- 3 |  4- 6 || total
-------------------------+-------+-------++-------
Melee: Hand axe          |   122 |    96 ||   218
       Punch             |       |     2 ||     2
Throw: Boomerang         |    18 |       ||    18
Invok: Renounce Religion |     1 |       ||     1
  Use: Scroll            |     8 |     3 ||    11
       Potion            |     4 |     2 ||     6
 Stab: Paralysed         |     4 |       ||     4
Armor: Leather armour    |    54 |    23 ||    77
       Plate armour      |       |    10 ||    10
Dodge: Dodged            |    67 |    23 ||    90

Table legend:
 A = Non-vault XP
 B = Vault XP
 C = Vault XP percentage of total XP
 D = Non-vault monster count
 E = Vault monster count
 F = Vault count percentage of total count
                 A         B        C        D         E       F
            +---------+---------+-------+---------+---------+-------
      Total |     369 |       1 |   0.3 |      56 |       1 |   1.8
            +---------+---------+-------+---------+---------+-------
        D:1 |      13 |       1 |   7.1 |       9 |       1 |  10.0
        D:2 |      47 |       0 |   0.0 |      20 |       0 |   0.0
        D:3 |     206 |       0 |   0.0 |      24 |       0 |   0.0
        D:4 |     103 |       0 |   0.0 |       3 |       0 |   0.0
            +---------+---------+-------+---------+---------+-------
